 Dungeon Crawl Stone Soup version 0.31.0-32-g396128a36d (webtiles) character file.

Game seed: 10519505621400244455

27605 imdaedric the Thaumaturge (level 13, -4/63 HPs)
             Began as a Deep Elf Conjurer on Apr 10, 2024.
             Was an Elder of Sif Muna.
             Shot with an arrow by Nessos (6 damage)
             ... on level 3 of the Lair of Beasts.
             The game lasted 00:34:34 (15969 turns).

imdaedric the Thaumaturge (Deep Elf Conjurer)      Turns: 15969, Time: 00:34:34

Health: -4/63      AC:  6    Str:  4    XL:     13   Next: 5%
Magic:  29/33      EV: 17    Int: 29    God:    Sif Muna [****..]
Gold:   1064       SH:  0    Dex:  9    Spells: 30/41 levels left

rFire   x . .        u - staff of conjuration
rCold   . . .        (no shield)
rNeg    . . .        a - +0 robe
rPois   +            b - +1 hat {SInv}
rElec   +            (no cloak)
rCorr   +            w - +0 pair of gloves
SInv    +            l - +1 pair of boots
Will    ++...        z - amulet of regeneration
Stlth   ++           L - ring of Ethics {rElec rPois rF- rCorr Dex-4}
HPRegen 1.10/turn    o - +5 ring of evasion
MPRegen 0.23/turn

%: no passive effects
@: no status effects
A: horns 1, strong-willed 1, wild magic 1
a: Renounce Religion, Channel Magic, Forget Spell, Divine Exegesis


You were on level 3 of the Lair of Beasts.
You worshipped Sif Muna.
Sif Muna was greatly pleased with you.
You visited 3 branches of the dungeon, and saw 14 of its levels.

You collected 1064 gold pieces.

Inventory:

Missiles
 p - 3 throwing nets
Armour
 a - a +0 robe (worn)
 b - a +1 hat of see invisible (worn)
 l - a +1 pair of boots (worn)
 w - a +0 pair of gloves (worn)
Magical Staves
 u - a staff of conjuration (weapon)
 I - a staff of earth
Jewellery
 j - a ring of flight
 k - a ring of resist corrosion
 o - a +5 ring of evasion (right hand)
 v - a +6 ring of strength
 z - an amulet of regeneration (around neck)
 F - a +4 ring of protection
 H - the ring "Gooria Widd" {Ice rElec Will++ Str+4}
   (You found it on level 10 of the Dungeon)

   [ring of ice]

   Ice:       It enhances your ice magic.
   Str+4:     It affects your strength (+4).
   rF-:       It makes you vulnerable to fire.
   rC+:       It protects you from cold.
   rElec:     It insulates you from electricity.
   Will++:    It greatly increases your willpower.
 L - the ring of Ethics (left hand) {rElec rPois rF- rCorr Dex-4}
   (You took it off an orc on level 10 of the Dungeon)

   [ring of poison resistance]

   Dex-4:     It affects your dexterity (-4).
   rF-:       It makes you vulnerable to fire.
   rElec:     It insulates you from electricity.
   rPois:     It protects you from poison rCorr: It protects you from acid and
   corrosion.
Wands
 f - a wand of digging (5)
 r - a wand of polymorph (6)
 C - a wand of charming (10)
 M - a wand of mindburst (4)
 O - a wand of iceblast (2)
Scrolls
 d - 3 scrolls of immolation
 q - a scroll of teleportation
 t - a scroll of blinking
 x - a scroll of vulnerability
 y - 2 scrolls of poison
 A - 3 scrolls of fog
 E - 2 scrolls of amnesia
Potions
 c - 2 potions of haste
 e - a potion of enlightenment {unknown}
 g - 2 potions of lignification
 m - 4 potions of might
 n - a potion of degeneration {unknown}
 s - 2 potions of resistance
 B - a potion of heal wounds
 D - a potion of cancellation {unknown}
 G - a potion of brilliance {unknown}
 N - a potion of curing {unknown}
Miscellaneous
 J - a tin of tremorstones (2/2)


   Skills:
 - Level 2.4 Dodging
 - Level 2.4 Stealth
 + Level 14.7 Spellcasting
 + Level 13.0 Conjurations
 - Level 11.7 Translocations
 - Level 11.7 Alchemy
 * Level 4.9 Invocations


You had 30 spell levels left.
You knew the following spells:

 Your Spells              Type           Power      Damage    Failure   Level
a - Magic Dart            Conj           100%       1d8       1%          1
s - Fulminant Prism       Conj/Alch      55%        3d25      1%          4
x - Iskenderun's Mystic   Conj/Tloc      100%       2d19      1%          4
z - Searing Ray           Conj           100%       2d8       1%          2

Your spell library contained the following spells:

 Spells                   Type           Power      Damage    Failure   Level
 Kiss of Death            Conj/Necr      100%       2d13      1%          1
 Hailstorm                Conj/Ice       86%        3d14      1%          3
 Volatile Blastmotes      Fire/Tloc      100%       2d18      1%          3
 Freeze                   Ice            100%       1d10      4%          1
 Sandblast                Erth           54%        2d13      4%          1
 Summon Small Mammal      Summ           100%       N/A       4%          1
 Ensorcelled Hibernation  Hex/Ice        54%        N/A       6%          2
 Call Canine Familiar     Summ           27%        N/A       11%         3
 Frozen Ramparts          Ice            54%        1d9       11%         3
 Passwall                 Erth           27%        N/A       11%         3
 Summon Ice Beast         Ice/Summ       27%        N/A       11%         3
 Swiftness                Air            27%        N/A       11%         3
 Summon Blazeheart Golem  Fire/Summ      27%        N/A       30%         4
 Sculpt Simulacrum        Ice/Alch       32%        N/A       41%         6
 Malign Gateway           Summ/Tloc      32%        N/A       91%         7
 Summon Horrible Things   Summ           13%        N/A       100%        8


Dungeon Overview and Level Annotations

Branches:
Dungeon (10/15)            Temple (1/1) D:6            Lair (3/5) D:10
 Shoals (0/4) Lair:2       Spider (0/4) Lair:2          Orc (0/2) D:10

Altars:
Ashenzari
Cheibriados
Dithmenos
Elyvilon
Fedhas
Gozag
Hepliaklqana
Kikubaaqudgha
Makhleb
Nemelex Xobeh
Okawaru
Qazlal
Ru
Sif Muna
Trog
Uskayaw
Vehumet
Wu Jian
Xom
Yredelemnul
Zin
The Shining One

Shops:
D:5 !   D:10 (

Annotations:
D:8 1 runed translucent door, Fractals's ghost, novice MiBe
Lair:3 Nessos


Innate Abilities, Weirdness & Mutations

You have a pair of small horns on your head.
You are strong-willed. (Will+)
Your spells are a little harder to cast, but a little more powerful.


Message History

The water moccasin bites you but does no damage.
You feel sick.
You feel sick.
The water moccasin attacks as it pursues you!
The water moccasin bites you but does no damage.
The water moccasin barely misses you.
You feel sick.
You feel sick.
You feel sick. The water moccasin barely misses you.
You feel sick.
You feel sick.
Casting: Fulminant Prism (dangerous; 1% risk of failure)
Confirm with . or Enter, or press ? or * to list all spells.
You feel a surge of power!
You erupt in a blast of force!
The mystic blast hits the water moccasin!
The water moccasin is heavily wounded.
The water moccasin is knocked back by the mystic blast.
You feel sick.
You are no longer poisoned.
Casting: Iskenderun's Mystic Blast (dangerous; 1% risk of failure)
Confirm with . or Enter, or press ? or * to list all spells.
Okay, then.
Nessos pounds the earth with their hooves.
Nessos gestures wildly while chanting.
Nessos seems to speed up.
Nessos casts a spell.
Nessos blinks!
There is an open door here.
The water moccasin attacks as it pursues you!
The water moccasin misses you.
The water moccasin attacks as it pursues you!
The water moccasin closely misses you. The water moccasin bites you.
Nessos casts a spell.
Nessos blinks!
The water moccasin attacks as it pursues you!
The water moccasin completely misses you.
Nessos shoots an arrow.
The arrow hits you!!
* * * LOW HITPOINT WARNING * * *
The arrow burns you.
You die...

............##
.......c....#
#.#####'#####
##..# #P..#
######.+####
#.....§....#
#......S..##
###......@..#
............#
.##.c.....<.#
###+#...#####
#.........#
####.#...##
#####.# #..#
#.†##


You could see Nessos (fast) and a water moccasin.

Vanquished Creatures
  Gastronok (Lair:2)
  2 dire elephants (Lair:2)
  Josephine (Lair:3)
  2 catoblepae
  2 hydras
  An alligator (Lair:2)
  An anaconda (Lair:2)
  3 two-headed ogres
  An ugly thing (D:10)
  6 elephants
  A black mamba (Lair:2)
  4 cane toads
  3 gargoyles (D:10)
  5 komodo dragons
  A rime drake (Lair:2)
  2 polar bears (Lair:2)
  Grinder (D:4)
  A hornet (D:7)
  10 blink frogs
  Sigmund (D:2)
  A spriggan (shapeshifter) (D:10)
  A shadow (D:10)
  2 wyverns
  5 wraiths (Lair:3)
  10 yaks
  4 basilisks
  2 steam dragons
  2 redbacks (Lair:2)
  2 vampire mosquitoes (D:8)
  15 water moccasins
  4 ice beasts
  4 orc warriors
  A sky beast (D:6)
  4 black bears
  4 wolves (Lair:1)
  2 centaurs (D:10)
  11 bullfrogs
  2 gnoll sergeants
  5 scorpions
  12 killer bees
  A howler monkey (D:5)
  3 electric eels (Lair:2)
  3 jellies
  3 orc priests
  2 bombardier beetles (D:5)
  2 hounds (D:7)
  Jessica (D:3)
  2 iguanas (D:5)
  11 orc wizards
  16 gnolls
  7 adders
  2 white imps
  2 ufetubi (D:7)
  2 dart slugs (D:1)
  32 orcs
  3 endoplasms
  4 giant cockroaches
  5 goblins
  4 hobgoblins
  8 jackals (D:2)
  5 quokkas
  4 ball pythons
  4 bats
  4 frilled lizards
  8 kobolds
  7 rats
287 creatures vanquished.

Vanquished Creatures (others)
  105 fulminant prisms
105 creatures vanquished.

Grand Total: 392 creatures vanquished

Notes
Turn   | Place    | Note
-------+----------+-------------------------------------------
     0 | D:1      | imdaedric the Deep Elf Conjurer began the quest for the
                  | Orb.
     0 | D:1      | Reached XP level 1. HP: 10/10 MP: 6/6
   123 | D:1      | You fall into a shaft and drop 1 floor!
   331 | D:1      | Reached XP level 2. HP: 15/15 MP: 4/8
   334 | D:1      | Learned a level 2 spell: Searing Ray
   411 | D:1      | Reached skill level 1 in Alchemy
   437 | D:1      | Reached skill level 1 in Translocations
  1026 | D:2      | Reached XP level 3. HP: 6/19 MP: 1/10
  1125 | D:2      | Found a bloodstained altar of Trog.
  1407 | D:2      | Noticed Sigmund
  1697 | D:2      | Killed Sigmund
  1698 | D:2      | Reached skill level 4 in Spellcasting
  1698 | D:2      | Reached skill level 5 in Conjurations
  1698 | D:2      | Reached XP level 4. HP: 14/24 MP: 1/12
  1698 | D:2      | Reached XP level 5. HP: 16/28 MP: 1/14
  1949 | D:3      | Found a faded altar of an unknown god.
  2251 | D:3      | Noticed Jessica
  2253 | D:3      | Killed Jessica
  2254 | D:3      | Reached skill level 5 in Spellcasting
  2254 | D:3      | Reached XP level 6. HP: 32/32 MP: 12/15
  2752 | D:4      | Found a shimmering blue altar of Sif Muna.
  2915 | D:4      | Noticed Grinder
  2921 | D:4      | Paralysed by Grinder for 5 turns
  2931 | D:4      | Killed Grinder
  2932 | D:4      | Reached XP level 7. HP: 32/36 MP: 2/17
  3799 | D:4      | Became a worshipper of Sif Muna the Loreminder
  3833 | D:5      | Entered Level 5 of the Dungeon
  3836 | D:5      | Found an opulent altar of Gozag.
  4018 | D:5      | Found a glowing golden altar of the Shining One.
  4030 | D:5      | Reached skill level 6 in Spellcasting
  4253 | D:5      | Found a white marble altar of Elyvilon.
  4341 | D:5      | Identified a scroll of acquirement
  4341 | D:5      | Acquired 501 gold pieces
  4477 | D:5      | Found Enanit's Distillery.
  4523 | D:5      | Reached XP level 8. HP: 41/41 MP: 14/20
  4637 | D:5      | Learned a level 4 spell: Fulminant Prism
  4642 | D:5      | Learned a level 4 spell: Iskenderun's Mystic Blast
  4676 | D:5      | Learned a level 3 spell: Hailstorm
  4855 | D:6      | Reached skill level 7 in Spellcasting
  4855 | D:6      | Reached skill level 5 in Translocations
  4855 | D:6      | Reached skill level 5 in Alchemy
  5287 | D:6      | Found a staircase to the Ecumenical Temple.
  5320 | D:6      | Reached * piety under Sif Muna
  5682 | D:6      | Reached skill level 8 in Spellcasting
  5794 | Temple   | Entered the Ecumenical Temple
  5868 | D:6      | Found a broken altar of Ashenzari.
  6156 | D:7      | Noticed a hornet
  6162 | D:7      | Killed a hornet
  6163 | D:7      | Reached XP level 9. HP: 45/45 MP: 16/23
  7032 | D:8      | Reached skill level 9 in Spellcasting
  7277 | D:8      | Found a sacrificial altar of Ru.
  7309 | D:8      | Noticed a two-headed ogre
  7320 | D:8      | Killed a two-headed ogre
  7640 | D:8      | Found a stormy altar of Qazlal.
  7788 | D:8      | Found a hazy altar of Hepliaklqana.
  7823 | D:8      | Found a runed translucent door.
  7827 | D:8      | Noticed Fractals's ghost (novice MiBe)
  7828 | D:8      | Noticed a cyclops
  8159 | D:4      | Got Sif Muna's Teachings on the Autopsy
  8161 | D:4      | Got Sif Muna's Vademecum on Clay
  8166 | D:4      | Got Sif Muna's Anthology of Confrontation
  8537 | D:9      | Reached XP level 10. HP: 50/50 MP: 18/25
  8612 | D:9      | Reached ** piety under Sif Muna
  8613 | D:9      | Reached skill level 10 in Spellcasting
  9360 | D:10     | Entered Level 10 of the Dungeon
  9398 | D:10     | Noticed a two-headed ogre
  9404 | D:10     | Killed a two-headed ogre
  9697 | D:10     | Identified the ring "Gooria Widd" {Ice rElec Will++ Str+4}
  9728 | D:10     | Noticed a gargoyle
  9728 | D:10     | Noticed a catoblepas
  9728 | D:10     | Found the +6 shillelagh "Devastator" {shatter}
  9743 | D:10     | Killed a gargoyle
  9780 | D:10     | Noticed a green ugly thing
  9786 | D:10     | Killed a green ugly thing
  9787 | D:10     | Reached skill level 11 in Spellcasting
  9787 | D:10     | Reached skill level 10 in Conjurations
  9807 | D:10     | Noticed a two-headed ogre
 10220 | D:10     | Found a staircase to the Orcish Mines.
 10398 | D:10     | Identified the ring of Ethics {rElec rPois rF- rCorr Dex-4}
 10655 | D:10     | Killed a catoblepas
 10656 | D:10     | Reached XP level 11. HP: 48/54 MP: 3/28
 10825 | D:10     | Found Syjotuu's Weapon Shoppe.
 10884 | D:10     | Reached *** piety under Sif Muna
 11077 | D:10     | Found a staircase to the Lair.
 11292 | D:10     | Killed a two-headed ogre
 11578 | Lair:1   | Entered Level 1 of the Lair of Beasts
 11590 | Lair:1   | Reached skill level 12 in Spellcasting
 11753 | Lair:1   | Reached skill level 10 in Translocations
 11753 | Lair:1   | Reached skill level 10 in Alchemy
 12675 | Lair:1   | Reached skill level 13 in Spellcasting
 12972 | Lair:1   | Reached XP level 12. HP: 59/59 MP: 26/31
 13844 | Lair:2   | Found a staircase to the Shoals.
 13943 | Lair:2   | Reached **** piety under Sif Muna
 14084 | Lair:2   | Noticed Gastronok
 14139 | Lair:2   | Noticed a catoblepas
 14142 | Lair:2   | Killed Gastronok
 14149 | Lair:2   | Killed a catoblepas
 14384 | Lair:2   | Found a hole to the Spider Nest.
 14521 | Lair:2   | Reached skill level 14 in Spellcasting
 14525 | Lair:2   | Noticed an eight-headed hydra
 14532 | Lair:2   | Killed an eight-headed hydra
 14612 | Lair:2   | Noticed an anaconda
 14632 | Lair:2   | Killed an anaconda
 14708 | Lair:2   | Noticed a dire elephant
 14975 | Lair:2   | Killed a dire elephant
 14976 | Lair:2   | Reached skill level 1 in Invocations
 15242 | Lair:2   | Noticed an alligator
 15242 | Lair:2   | Noticed a dire elephant
 15258 | Lair:2   | HP: 1/59 [rime drake/icy flash freeze (18)]
 15411 | Lair:2   | Killed a dire elephant
 15580 | Lair:2   | Gained mutation: You are weak. (Str -2) [potion of
                  | mutation]
 15580 | Lair:2   | Gained mutation: You are robust. (+10% HP) [potion of
                  | mutation]
 15580 | Lair:2   | Gained mutation: Your natural rate of healing is unusually
                  | fast. [potion of mutation]
 15581 | Lair:2   | Lost mutation: You are robust. (+10% HP) [potion of
                  | mutation]
 15581 | Lair:2   | Lost mutation: Your natural rate of healing is unusually
                  | fast. [potion of mutation]
 15581 | Lair:2   | Lost mutation: You are weak. (Str -2) [potion of mutation]
 15581 | Lair:2   | Gained mutation: You have a pair of small horns on your
                  | head. [potion of mutation]
 15581 | Lair:2   | Gained mutation: Your spells are a little harder to cast,
                  | but a little more powerful. [potion of mutation]
 15581 | Lair:2   | Gained mutation: You are strong-willed. (Will+) [potion of
                  | mutation]
 15601 | Lair:2   | Killed an alligator
 15707 | Lair:3   | Noticed an eight-headed hydra
 15714 | Lair:3   | Killed an eight-headed hydra
 15780 | Lair:3   | Noticed Josephine
 15785 | Lair:3   | Killed Josephine
 15786 | Lair:3   | Reached XP level 13. HP: 63/63 MP: 25/33
 15948 | Lair:3   | Noticed Nessos
 15969 | Lair:3   | HP: 2/63 [Nessos/arrow (22)]
 15969 | Lair:3   | Shot with an arrow by Nessos

Illustrated notes

Levels and vault maps discovered:
D:1:      scummos_arrival_forest, layout_loops_ring
D:2:      layout_loops_ring, basic_altar, uniq_sigmund
D:3:      layout_rooms, ebering_ecumenical_altar_box, uniq_jessica
D:4:      layout_cave_pods, nicolae_sif_muna_little_library, uniq_grinder
D:5:      layout_cave_pools, mainiacjoe_overflow_alcove_2,
          mainiacjoe_overflow_chevrons, nicolae_elyvilon_peaceful_grove,
          serial_shops, nicolae_shop_trees
D:6:      minmay_spotlight, layout_rooms, mainiacjoe_overflow_brackets,
          temple_fountains
D:7:      layout_basic, nicolae_the_louvre
D:8:      layout_cave_pools, general_overflow_altar,
          mainiacjoe_overflow_cross_hatched,
          mainiacjoe_overflow_surrounded_room, ebering_ghost_inner_flame
D:9:      layout_roguey
D:10:     minmay_roctagon, layout_loops_ring, due_lair_maze_entry_diamond,
          orc_0_dummy, serial_shops, shop, minmay_radiant
Temple:   eino_narrow_crystal_temple
Lair:1:   layout_cave_pods, lemuel_fruit_tree, grunt_megastairs_5
Lair:2:   layout_chaotic_city, elwin_shoals_entry_rocks, spider_nest_entry_webs,
          nicolae_volcano_entry_hallway, serial_bayou_lagoon_a, st_stairs_9,
          nicolae_lair_lakeside_cave, uniq_gastronok
Lair:3:   layout_roguey, chequers_serial_rivers_micro_a, uniq_josephine,
          uniq_nessos

Skill      XL: |  1  2  3  4  5  6  7  8  9 10 11 12 13 |
---------------+----------------------------------------+-----
Alchemy        | 1 2 3 4 6 7 9 10 11 | 11.7
Translocations | 1 2 3 4 6 7 9 10 11 | 11.7
Spellcasting   | 4 5 6 8 9 11 13 14 | 14.7
Conjurations   | 5 6 7 9 10 11 12 13 | 13.0
Invocations    | 4 |  4.9
Dodging        | |  2.4
Stealth        | |  2.4

Action                     |  1- 3 |  4- 6 |  7- 9 | 10-12 | 13-15 || total
---------------------------+-------+-------+-------+-------+-------++-------
  Melee: Unarmed           |    16 |       |       |       |       ||    16
         Punch             |     1 |       |       |       |       ||     1
         Staff             |       |       |       |       |     1 ||     1
         Headbutt          |       |       |       |       |     1 ||     1
   Cast: Magic Dart        |    39 |    49 |   124 |    67 |     4 ||   283
         Searing Ray       |    12 |    15 |    44 |    65 |     2 ||   138
         Fulminant Prism   |       |       |    22 |    81 |     2 ||   105
         Iskenderun's Myst |       |       |    15 |    84 |     3 ||   102
  Evoke: Wand              |       |       |     1 |     1 |       ||     2
    Use: Scroll            |     3 |       |    12 |     5 |     1 ||    21
         Potion            |       |       |     1 |     5 |       ||     6
 Armour: Robe              |    18 |    11 |    17 |    89 |     6 ||   141
  Dodge: Dodged            |    41 |     4 |    19 |    71 |     7 ||   142
